 Dungeon Crawl Stone Soup version 0.25-a0-435-g4b9beb1024 (webtiles) character file.

Game seed: 7127787714664713526, levelgen mode: deterministic

7 Gargoyl the Skirmisher (level 1, -1/19 HPs)
             Began as a Centaur Abyssal Knight on Jan 27, 2020.
             Was a Follower of Lugonu.
             Killed from afar by a smoke demon (20 damage)
             ... with a ball of steam
             ... on level 2 of the Abyss.
             The game lasted 00:00:43 (182 turns).

Gargoyl the Skirmisher (Centaur Abyssal Knight)      Turns: 182, Time: 00:00:44

Health: -1/19      AC:  4    Str: 14    XL:     1   Next: 83%
Magic:  2/2        EV:  9    Int: 11    God:    Lugonu [*.....]
Gold:   75         SH:  0    Dex:  8    Spells: 0/0 levels left

rFire    . . .     SeeInvis .   a - +1 hand axe
rCold    . . .     Gourm    .   (no shield)
rNeg     . . .     Faith    .   b - +0 leather armour
rPois    .         Spirit   .   (no helmet)
rElec    .         Reflect  .   (no cloak)
rCorr    +         Harm     .   (no gloves)
MR       .....                  (no barding)
Stlth    ..........             (no amulet)
HPRegen  0.06/turn              e - ring of resist corrosion
MPRegen  0.08/turn              (no ring)

@: very quick
A: large, hooves 3, deformed body, speed 2, tough skin 3
a: Depart the Abyss, Renounce Religion


You were on level 2 of the Abyss.
You worshipped Lugonu.
Lugonu was aware of your devotion.
You were not hungry.

You visited 0 branches of the dungeon, and saw 0 of its levels.
You visited the Abyss 1 time.

You collected 75 gold pieces.

Inventory:

Hand Weapons
 a - a +1 hand axe (weapon)
Armour
 b - a +0 leather armour (worn)
Jewellery
 e - a ring of resist corrosion (left hand)
Wands
 d - a wand of flame (22)
Comestibles
 c - a ration


   Skills:
 + Level 3.2 Fighting
 + Level 1.8 Axes
 + Level 1.4 Armour
 + Level 0.6 Dodging
 + Level 2.0 Invocations


You couldn't memorise any spells.
You didn't know any spells.
Your spell library was empty.

Dungeon Overview and Level Annotations

Branches:
Dungeon (0/15)

Altars:


Innate Abilities, Weirdness & Mutations

You have hooves in place of feet.
Armour fits poorly on your strangely shaped body.
You cover ground very quickly.
You have extremely tough skin. (AC +3)


Message History

Found a wand of flame (15).
There are no items here.
You see here a wand of flame (15).
A large abomination comes into view.
A small abomination comes into view.
An orange demon comes into view.
The orange demon screeches!
Found 50 gold pieces.
Found 21 stones.
Found a gateway leading out of the Abyss.
You now have 75 gold pieces (gained 50).
There are no items here.
A smoke demon comes into view.
The smoke demon roars!
The green draconian shifter roars!
Found a wand of flame (18).
You feel your health improve. The smoke demon gestures at you.
The ball of steam hits you!!
Ouch! That really hurt!
You die...

. .. # .# #. . #. .# . #
#. .# .##.. ## ##.#
#.##...## . #..
##...###...###...### ..#
..#.....#@....#.....#.. .
.......§§...(.............
....3..q..................
.........................
..#.../.#.....#.....#.....
##...###..4###.. ### ..#
#.....#...∩.#.....#x....
........ ........... ....
..........................


You could see a green draconian shifter and an orange demon.

Vanquished Creatures
  A white imp (Abyss:2)
1 creature vanquished.

Notes
Turn   | Place    | Note
-------+----------+-------------------------------------------
     0 | Abyss:1  | Gargoyl the Centaur Abyssal Knight began the quest for the
                  | Orb.
     0 | Abyss:1  | Reached XP level 1. HP: 19/19 MP: 2/2
    32 | Abyss:1  | Noticed an orange demon
    37 | Abyss:1  | Noticed a large abomination
    50 | Abyss:1  | Noticed a ynoxinul
    50 | Abyss:1  | Noticed a cacodemon
    52 | Abyss:1  | Noticed a wraith
   111 | Abyss:2  | Noticed a large abomination
   118 | Abyss:2  | Noticed a large abomination
   118 | Abyss:2  | Noticed an ancient zyme
   120 | Abyss:2  | Noticed a starcursed mass
   124 | Abyss:2  | Noticed a large abomination
   147 | Abyss:2  | Noticed a large abomination
   151 | Abyss:2  | Noticed a small abomination
   158 | Abyss:2  | Noticed an orange demon
   176 | Abyss:2  | Noticed a green draconian shifter
   178 | Abyss:2  | Noticed a smoke demon
   182 | Abyss:2  | Killed from afar by a smoke demon

Levels and vault maps discovered:
Abyss:2:  hangedman_steaming_rock

Action                   || total
-------------------------++-------
Evoke: Wand              ||     3

Table legend:
 A = Non-vault XP
 B = Vault XP
 C = Vault XP percentage of total XP
 D = Non-vault monster count
 E = Vault monster count
 F = Vault count percentage of total count
                 A         B        C        D         E       F
            +---------+---------+-------+---------+---------+-------
      Total |      10 |       0 |   0.0 |       1 |       0 |   0.0
            +---------+---------+-------+---------+---------+-------
    Abyss:2 |      10 |       0 |   0.0 |       1 |       0 |   0.0
            +---------+---------+-------+---------+---------+-------
